 Dungeon Crawl Stone Soup version 0.29-a0-770-g2e8140cf71 (webtiles) character file.

Game seed: 16928623051914658816

99796 Morbidden the Grappler (level 15, -14/143 HPs)
             Began as a Troll Brigand on July 1, 2022.
             Was the Champion of Cheibriados.
             Demolished by a +2 vorpal halberd (25 damage)
             ... on level 4 of the Abyss.
             The game lasted 00:44:38 (20859 turns).

Morbidden the Grappler (Troll Brigand)             Turns: 20859, Time: 00:44:38

Health: -14/143    AC: 13    Str: 38 (40) XL:     15   Next: 78%
Magic:  14/14      EV: 16    Int: 15 (18) God:    Cheibriados [******]
Gold:   843        SH:  0    Dex: 26 (28) Spells: 13/18 levels left

rFire   . . .      SeeInvis .     - Unarmed
rCold   . . .      Faith    .   (no shield)
rNeg    . . .      Spirit   .   R - +0 acid dragon scales
rPois   .          Reflect  .   Y - +1 hat
rElec   .          Harm     .   c - +1 cloak
rCorr   +          Rampage  .   (gloves unavailable)
Will    +....                   (boots unavailable)
Stlth   +++.......              O - amulet of Vitality {RegenMP++ Regen++}
HPRegen 2.73/turn               z - +4 ring of protection
MPRegen 0.94/turn               V - +6 ring of strength

@: about to teleport, unable to drink, very slow
A: large, unfitting armour, claws 3, regeneration 1, shaggy fur 1, tough skin 1,
[clumsy 2], [deformed body], [deterioration 2], [dopey 2], [low MP 2],
[screaming 2], ([teleportitis 2]), [weak 2], [no potion heal 2], [subdued magic
2], [inability to drink while threatened 1]
a: Renounce Religion, Bend Time, Temporal Distortion, Slouch, Step From Time


You were on level 4 of the Abyss.
You worshipped Cheibriados.
Cheibriados was exalted by your worship.
You visited 3 branches of the dungeon, and saw 21 of its levels.
You visited the Abyss 2 times.
You visited 1 bazaar.
You also visited: Gauntlet.

You collected 1617 gold pieces.
You spent 774 gold pieces at shops.

Inventory:

Hand Weapons
 b - a +1 arbalest of flaming
 w - a +2 shortbow of venom
Missiles
 d - 73 poisoned darts
 e - 7 curare-tipped darts
 k - 148 stones
 B - a throwing net
 M - 4 javelins
 N - 6 boomerangs (quivered)
Armour
 c - a +1 cloak (worn)
 s - a +2 robe of fire resistance
 R - +0 acid dragon scales (worn)
 Y - a +1 hat (worn)
Jewellery
 v - a ring of flight
 z - a +4 ring of protection (left claw)
 A - a ring of resist corrosion
 D - a ring of wizardry
 G - a +6 ring of strength
 J - a ring of wizardry
 K - a ring of fire
 O - the amulet of Vitality (around neck) {RegenMP++ Regen++}
   (You bought it in a shop in a bazaar)

   [amulet of magic regeneration]

   It increases your rate of magic regeneration.
   Regen:     It increases your rate of health regeneration.
 U - a ring of wizardry
 V - a +6 ring of strength (right claw)
 W - the ring "Atuetypneh" {*Corrode rF+ rC+ Int+3}
   (You found it in a Gauntlet)

   [ring of protection from fire]

   Int:       It affects your intelligence (+3).
   rF:        It protects you from fire.
   rC:        It protects you from cold.
   *Corrode:  It may corrode you when you take damage.
Wands
 j - a wand of flame (3)
 y - a wand of paralysis (20)
 I - a wand of digging (5)
 Q - a wand of iceblast (13)
 T - a wand of mindburst (27)
 X - a wand of quicksilver (3)
Scrolls
 f - 6 scrolls of fear
 i - 7 scrolls of noise
 m - 5 scrolls of fog
 n - 10 scrolls of teleportation
 p - 9 scrolls of identify
 q - a scroll of poison
 r - 4 scrolls of enchant weapon
 u - 5 scrolls of blinking
 C - a scroll of magic mapping
 F - 2 scrolls of amnesia
 Z - a scroll of brand weapon
Potions
 a - 14 potions of curing
 g - 5 potions of lignification
 h - 4 potions of resistance
 l - 2 potions of might
 o - a potion of cancellation
 t - 4 potions of attraction
 x - 2 potions of ambrosia {unknown}
 E - a potion of heal wounds
 H - 3 potions of flight
 L - 2 potions of magic
 P - 2 potions of mutation
 S - 4 potions of brilliance


   Skills:
 * Level 7.9 Fighting
 + Level 1.8 Short Blades
 * Level 10.2 Ranged Weapons
 * Level 8.9 Throwing
 + Level 4.6 Armour
 * Level 8.3 Dodging
 + Level 3.6 Stealth
 * Level 13.3 Unarmed Combat
 * Level 2.1 Spellcasting
 * Level 2.4 Conjurations
 * Level 2.4 Transmutations
 * Level 6.4 Invocations
 * Level 6.0 Evocations


You had 13 spell levels left.
You knew the following spells:

 Your Spells              Type           Power      Damage    Failure   Level
z - Irradiate             Conj/Tmut      2%         3d14      90%         5

Your spell library contained the following spells:

 Spells                   Type           Power      Damage    Failure   Level
 Shock                    Conj/Air       12%        1d3       11%         1
 Static Discharge         Conj/Air       3%         3-4/arc   16%         2
 Sublimation of Blood     Necr           1%         N/A       28%         2
 Confusing Touch          Hex            1%         N/A       50%         3
 Swiftness                Air            1%         N/A       50%         3
 Petrify                  Tmut/Erth      3%         N/A       75%         4
 Airstrike                Air            0%         0-2+      90%         4
 Anguish                  Hex/Necr       0%         N/A       90%         4
 Olgreb's Toxic Radiance  Pois           1%         N/A       90%         4
 Lightning Bolt           Conj/Air       1%         1d12      98%         5
 Yara's Violent Unravell  Hex/Tmut       1%         3d3       98%         5
 Enfeeble                 Hex            0%         N/A       100%        7
 Ozocubu's Refrigeration  Ice            0%         4d5       100%        7
 Ignition                 Fire           0%         3d3       100%        8
 Maxwell's Capacitive Co  Air            0%         ∞         100%        8


Dungeon Overview and Level Annotations

Branches:
Dungeon (14/15)            Temple (1/1) D:7            Lair (6/6) D:11
 Shoals (0/4) Lair:2       Spider (0/4) Lair:4        Slime (0/5) Lair:5
    Orc (0/2) D:12         Vaults (0/5) D:14        Gauntlet (visited)

Altars:
Ashenzari
Cheibriados
Dithmenos
Elyvilon
Fedhas
Gozag
Hepliaklqana
Kikubaaqudgha
Makhleb
Nemelex Xobeh
Okawaru
Qazlal
Ru
Sif Muna
Trog
Uskayaw
Vehumet
Wu Jian
Xom
Yredelemnul
Zin
The Shining One
Jiyva
Lugonu

Shops:
D:5 =   D:14 (

Portals:
Abyss: Lair:6

Annotations:
D:7 1 runed translucent door, paps's ghost, novice OpSu
D:8 triguntf's ghost, novice HOFi
D:10 exclusion: 2 doors


Innate Abilities, Weirdness & Mutations

You are too large for most types of armour.
You have claws for hands.
Your natural rate of healing is unusually fast.
You are covered in fur. (AC +1)
You have tough skin. (AC +1)
[You are very clumsy. (Dex -4)]
[Armour fits poorly on your strangely shaped body.]
[Your body often deteriorates upon taking damage.]
[You are very dopey. (Int -4)]
[Your magical capacity is very low. (-20% MP)]
[You frequently scream uncontrollably at your foes.]
[((You are often teleported next to monsters.))]
[You are very weak. (Str -4)]
[Potions cannot restore your health.]
[Your spells are easier to cast, but less powerful.]
[You occasionally lose the ability to drink potions when taking damage.]


Message History

A thrashing horror and a harpy skeleton come into view.
A smoke demon comes into view.
Unknown command.
A +2 vorpal halberd comes into view.
As you read the scroll of teleportation, it crumbles to dust.
You feel strangely unstable.
You feel the power of the Abyss delaying your translocation!
The smoke demon gestures at you. The sticky flame hits you.
You are covered in liquid flames!
* * * LOW HITPOINT WARNING * * *
Unknown command.
Unknown command.
Unknown command.
You have no ailments to cure.
Unknown command.
Unknown command.
You are covered in liquid flames!
* * * LOW HITPOINT WARNING * * *
You are no longer on fire.
The harpy skeleton claws you but does no damage.
The harpy skeleton closely misses you. The smoke demon gestures at you.
The ball of steam misses you. The harpy skeleton closely misses you.
The harpy skeleton claws you but does no damage.
The smoke demon gestures at you. Something smites you!
* * * LOW HITPOINT WARNING * * *
Your body deteriorates!
You feel weakened. The harpy skeleton misses you.
The harpy skeleton claws you but does no damage.
A white imp comes into view.
The harpy skeleton is engulfed in a cloud of scalding steam.
The harpy skeleton claws you but does no damage.
The harpy skeleton barely misses you.
The harpy skeleton is engulfed in a cloud of scalding steam.
The harpy skeleton misses you. The harpy skeleton barely misses you.
The +2 vorpal halberd hits you from afar!!
You feel threatened and lose the ability to drink potions!
You die... .Z ... .vv

###'##.. . #..
#.....# ...
#..#..#
#..#.....# # #
#..#.#...# .
...#..#§#§§##
#.3 #§§§Z..#
#..##3.§#@..#..
..# #.#.()##.5#
. ..##.†† . ##
#...#.#.##.....
... #...#. ..#
# ## ##...# †..
#.......# .#.
......# # # .
#...#.# .


You could see a +2 vorpal halberd, a white imp (wandering) and a harpy skeleton.

Vanquished Creatures
  A bone dragon (Abyss:4)
  A tentacled starspawn (Abyss:3)
  A cacodemon (Abyss:4)
  A very ugly thing (D:13)
  Azrael (D:12)
  A deep elf demonologist (Abyss:4)
  A minotaur (Gauntlet)
  A red draconian (Abyss:4)
  2 boulder beetles
  9 hydras
  2 catoblepae
  3 centaur warriors
  Erica (Lair:2)
  4 death yaks
  8 two-headed ogres
  8 thrashing horrors
  3 tengu warriors (D:14)
  4 wretched stars (Abyss:4)
  2 fire crabs (shapeshifter)
  A fire crab (Gauntlet)
  A spatial maelstrom (Abyss:2)
  A sixfirhy (Abyss:4)
  5 skeletal warriors (D:14)
  2 wizards (D:13)
  3 deep elf pyromancers (D:13)
  A deep elf zephyrmancer (D:14)
  A manticore (D:12)
  7 ugly things
  3 slime creatures (D:12)
  A worldbinder (Abyss:3)
  A merfolk siren (Lair:2)
  14 elephants
  3 black mambas
  2 smoke demons (Lair:6)
  4 torpor snails
  13 cane toads
  A gargoyle (D:10)
  An unseen horror (D:11)
  4 rime drakes
  A kobold demonologist (D:12)
  A hellion (Abyss:3)
  8 komodo dragons
  4 ancient zymes
  2 tengu conjurers (D:13)
  3 trolls
  2 polar bears (shapeshifter)
  A merfolk (Lair:2)
  A troll (shapeshifter) (D:14)
  A tarantella (shapeshifter) (D:14)
  7 hornets
  27 blink frogs
  4 polar bears
  5 raiju
  8 dream sheep
  7 large abominations
  3 wraiths
  8 wyverns
  5 shadows
  2 culicivoras (Lair:4)
  2 spriggans (Lair:6)
  A vampire (D:12)
  2 ynoxinuls
  A basilisk (shapeshifter) (D:14)
  47 yaks
  6 fire bats (Gauntlet)
  11 small abominations (Lair:6)
  3 fire elementals (D:12)
  4 basilisks
  2 steam dragons
  3 vampire mosquitoes (D:10)
  A neqoxec (Abyss:4)
  4 chaos spawn (Lair:6)
  6 acid dragons
  16 water moccasins
  2 hell hounds
  4 black bears
  2 orc warriors (D:9)
  3 ogres
  21 wolves
  9 centaurs
  3 kobold brigands
  12 bullfrogs
  2 gnoll sergeants
  6 scorpions
  12 wights
  15 killer bees
  An electric eel (Lair:6)
  7 howler monkeys
  4 starcursed masses (Abyss:2)
  6 hounds
  8 orc priests
  5 iguanas
  12 orc wizards
  6 hell rats (Lair:6)
  24 gnolls
  9 adders
  A shadow imp (D:6)
  3 white imps
  An ufetubus (D:6)
  2 dart slugs
  59 orcs
  9 ball pythons
  5 bats
  5 endoplasms
  2 giant cockroaches (D:1)
  7 goblins
  5 hobgoblins
  20 jackals (D:3)
  A quokka (D:1)
  3 frilled lizards
  22 kobolds
  6 rats
  2 starspawn tentacles (Abyss:3)
658 creatures vanquished.

Vanquished Creatures (collateral kills)
  An orc warrior (D:9)
  An orc wizard (D:9)
  2 orcs (D:9)
4 creatures vanquished.

Vanquished Creatures (others)
  29 fungi
  45 plants
  2 starspawn tentacles (Abyss:3)
76 creatures vanquished.

Grand Total: 738 creatures vanquished

Notes
Turn   | Place    | Note
-------+----------+-------------------------------------------
     0 | D:1      | Morbidden the Troll Brigand began the quest for the Orb.
     0 | D:1      | Reached XP level 1. HP: 19/19 MP: 0/0
   202 | D:1      | Reached XP level 2. HP: 27/27 MP: 1/1
   606 | D:2      | Reached skill level 1 in Unarmed Combat
   606 | D:2      | Reached XP level 3. HP: 34/35 MP: 2/2
   970 | D:2      | Found a faded altar of an unknown god.
  1316 | D:3      | Reached XP level 4. HP: 42/42 MP: 3/3
  1398 | D:3      | Reached skill level 1 in Dodging
  1458 | D:3      | Reached skill level 2 in Unarmed Combat
  1634 | D:3      | Found the amulet of Elemental Vulnerability {rPois rF--
                  | rC-- AC+8}
  1967 | D:3      | Noticed an ogre
  2068 | D:4      | Reached XP level 5. HP: 49/49 MP: 4/4
  2086 | D:4      | Reached skill level 3 in Unarmed Combat
  2274 | D:4      | Noticed an ogre
  2283 | D:4      | Reached XP level 6. HP: 46/57 MP: 5/5
  2550 | D:4      | Reached skill level 4 in Unarmed Combat
  2652 | D:3      | Reached XP level 7. HP: 64/66 MP: 6/6
  2729 | D:3      | Reached skill level 5 in Unarmed Combat
  3391 | D:5      | Entered Level 5 of the Dungeon
  3402 | D:5      | Found Cumoyr's Jewellery Emporium.
  3671 | D:5      | Reached XP level 8. HP: 73/74 MP: 7/7
  3724 | D:5      | Found an iron altar of Okawaru.
  4213 | D:5      | Found a bloodstained altar of Trog.
  4356 | D:6      | Reached skill level 1 in Ranged Weapons
  4527 | D:6      | Reached skill level 6 in Unarmed Combat
  5052 | D:7      | Noticed a hornet
  5066 | D:7      | Killed a hornet
  5067 | D:7      | Reached XP level 9. HP: 66/83 MP: 8/8
  5185 | D:7      | Found a runed translucent door.
  5185 | D:7      | Noticed a komodo dragon
  5185 | D:7      | Noticed paps's ghost (novice OpSu)
  5670 | D:7      | Found a staircase to the Ecumenical Temple.
  5685 | Temple   | Entered the Ecumenical Temple
  6046 | D:8      | Found a snail-covered altar of Cheibriados.
  6062 | D:8      | Became a worshipper of Cheibriados the Contemplative
  6266 | D:8      | Reached skill level 7 in Unarmed Combat
  6475 | D:8      | Noticed a two-headed ogre
  6486 | D:8      | Killed a two-headed ogre
  6486 | D:8      | Reached * piety under Cheibriados
  6487 | D:8      | Reached skill level 5 in Ranged Weapons
  6487 | D:8      | Reached XP level 10. HP: 71/94 MP: 9/9
  6675 | D:8      | Found a stormy altar of Qazlal.
  6734 | D:8      | Found a runed translucent door.
  6734 | D:8      | Found a shimmering altar of Xom.
  6734 | D:8      | Noticed triguntf's ghost (novice HOFi)
  6735 | D:8      | Noticed a +2 trident of chaos
  7135 | D:9      | Reached skill level 5 in Dodging
  7360 | D:9      | Noticed a two-headed ogre
  7374 | D:9      | Killed a two-headed ogre
  7375 | D:9      | Reached skill level 5 in Throwing
  7375 | D:9      | Reached skill level 1 in Invocations
  7722 | D:9      | Reached ** piety under Cheibriados
  7732 | D:9      | Reached skill level 1 in Evocations
  7753 | D:9      | Reached skill level 8 in Unarmed Combat
  8126 | D:10     | Entered Level 10 of the Dungeon
  8274 | D:10     | Found a sacrificial altar of Ru.
  8306 | D:10     | Reached *** piety under Cheibriados
  8431 | D:10     | Reached XP level 11. HP: 101/101 MP: 11/11
  8576 | D:10     | Noticed a wizard
  8958 | D:10     | Identified the +4 ring mail of Untold Secrets {Str+5}
  9082 | D:11     | Noticed a two-headed ogre
  9083 | D:11     | Found a staircase to the Lair.
  9089 | D:11     | Killed a two-headed ogre
  9090 | D:11     | Reached skill level 5 in Fighting
  9507 | D:11     | Reached skill level 9 in Unarmed Combat
  9605 | D:11     | Noticed a two-headed ogre
  9615 | D:11     | Killed a two-headed ogre
  9761 | D:11     | Reached skill level 1 in Armour
 10101 | D:11     | Identified the +1 robe of Love and Death {rPois}
 10252 | Lair:1   | Entered Level 1 of the Lair of Beasts
 10256 | Lair:1   | Identified the +1 scale mail of Pidogo {rF+ Int+2}
 10270 | Lair:1   | Reached **** piety under Cheibriados
 11052 | Lair:2   | Noticed a boulder beetle
 11064 | Lair:2   | Killed a boulder beetle
 11065 | Lair:2   | Reached XP level 12. HP: 111/111 MP: 13/13
 11240 | Lair:2   | Noticed Erica
 11260 | Lair:2   | Killed Erica
 11339 | Lair:2   | Reached skill level 10 in Unarmed Combat
 11344 | Lair:2   | Reached ***** piety under Cheibriados
 11484 | Lair:2   | Noticed a catoblepas
 11523 | Lair:2   | Killed a catoblepas
 11869 | Lair:2   | Found a staircase to the Shoals.
 12225 | Lair:3   | Noticed a death yak
 12238 | Lair:3   | Noticed a death yak
 12238 | Lair:3   | Noticed a death yak
 12250 | Lair:3   | Killed a death yak
 12259 | Lair:3   | Killed a death yak
 12263 | Lair:3   | Killed a death yak
 12350 | Lair:3   | Noticed a four-headed hydra
 12608 | Lair:3   | Killed a four-headed hydra
 12672 | Lair:3   | Reached skill level 11 in Unarmed Combat
 12678 | Lair:3   | Reached XP level 13. HP: 122/122 MP: 15/15
 12914 | Lair:3   | Reached ****** piety under Cheibriados
 13689 | Lair:4   | Found a hole to the Spider Nest.
 14549 | Lair:5   | Found a viscous altar of Jiyva.
 14549 | Lair:5   | Found a staircase to the Slime Pits.
 15099 | Lair:6   | Entered Level 6 of the Lair of Beasts
 15109 | Lair:6   | Reached skill level 5 in Invocations
 15577 | Lair:6   | Reached XP level 14. HP: 95/133 MP: 16/16
 16529 | Lair:6   | Reached skill level 5 in Evocations
 16622 | Lair:6   | Found a corrupted altar of Lugonu.
 16622 | Lair:6   | Found a one-way gate to the infinite horrors of the Abyss.
 17026 | D:12     | Found a staircase to the Orcish Mines.
 17184 | D:12     | Found a flickering gateway to a bazaar.
 17193 | Bazaar   | Entered a bazaar
 17220 | Bazaar   | Found Osater's Jewellery Boutique.
 17228 | Bazaar   | Bought the amulet of Vitality {RegenMP++ Regen++} for 444
                  | gold pieces
 17228 | Bazaar   | Found the amulet of Vitality {RegenMP++ Regen++}
 17238 | Bazaar   | Found Ananivuy's General Store.
 17264 | Bazaar   | Found Dapsin's Distillery.
 17278 | Bazaar   | Found Omiorint's Weapon Emporium.
 17286 | Bazaar   | Bought a +0 longbow for 104 gold pieces
 17461 | D:12     | Noticed Azrael
 17470 | D:12     | Killed Azrael
 17471 | D:12     | Reached skill level 12 in Unarmed Combat
 17655 | D:12     | Learned a level 5 spell: Irradiate
 17889 | D:13     | Found a gate leading to a gauntlet.
 17899 | Gauntlet | Entered a Gauntlet
 17899 | Gauntlet | Found a transporter.
 17899 | Gauntlet | Found a transporter.
 17899 | Gauntlet | Found a transporter.
 17920 | Gauntlet | Found a transporter.
 17933 | Gauntlet | Found a transporter.
 17936 | Gauntlet | Found a transporter.
 17943 | Gauntlet | Found a transporter.
 17962 | Gauntlet | Found a transporter.
 17978 | Gauntlet | Found a transporter.
 17981 | Gauntlet | Found a transporter.
 17989 | Gauntlet | Found a transporter.
 18004 | Gauntlet | Found a transporter.
 18066 | Gauntlet | Identified the ring "Atuetypneh" {*Corrode rF+ rC+ Int+3}
 18123 | Gauntlet | Identified the +2 spear of Welfare {pain, rN+ Int+3}
 18147 | Gauntlet | Reached skill level 1 in Transmutations
 18476 | D:13     | Reached skill level 1 in Spellcasting
 18489 | D:13     | Reached skill level 1 in Conjurations
 18921 | D:13     | Reached XP level 15. HP: 40/140 MP: 18/18
 19400 | Abyss:2  | Cast into level 2 of the Abyss (a wizard)
 19507 | Abyss:2  | Noticed a bone dragon
 19669 | Abyss:3  | Noticed a tentacled starspawn
 19680 | Abyss:3  | Noticed a bone dragon
 19681 | Abyss:3  | Killed a tentacled starspawn
 19748 | Abyss:4  | Noticed a bone dragon
 19775 | Abyss:4  | Killed a bone dragon
 19805 | D:13     | Escaped the Abyss
 19887 | D:14     | Found Agaiplot's Weapon Emporium.
 19890 | D:14     | Bought a +1 arbalest of flaming for 226 gold pieces
 19911 | D:14     | Reached skill level 10 in Ranged Weapons
 20028 | D:14     | Reached skill level 13 in Unarmed Combat
 20307 | D:14     | Found a gate to the Vaults.
 20503 | Abyss:4  | Found a corrupted altar of Lugonu.
 20503 | Abyss:4  | Cast into level 4 of the Abyss (a wizard)
 20849 | Abyss:4  | HP: 5/143 [crystal wall collision (4)]
 20858 | Abyss:4  | HP: 6/143 [smoke demon/divine providence (16)]
 20859 | Abyss:4  | Demolished by a +2 vorpal halberd

Illustrated notes

Levels and vault maps discovered:
D:1:      minmay_arrival_arboretum_small, layout_rooms
D:2:      layout_loops_cross, shapermc_ecumenical_altar_pompeii,
          minmay_goblin_kobold_house
D:3:      lemuel_castle_with_subvaults [lemuel_castle_interior_carwin_2],
          layout_basic
D:4:      layout_loops_cross
D:5:      layout_cave_pods, kennysheep_okawaru_gauntlet, trog_book,
          serial_shops, nicolae_shop_stone, cheibrodos_gnoll_hut
D:6:      layout_basic, kennysheep_flooded_box, hellmonk_bongcloud_opening
D:7:      layout_basic, minmay_temple_entry_poolview, ebering_ghost_inner_flame,
          kennysheep_generic_room_6
D:8:      layout_loops_ring, kennysheep_slug_shrine, overflow_temple_1_default,
          ebering_ghost_xom
D:9:      layout_stronghold
D:10:     layout_stronghold, nicolae_ru_awakened_eye,
          minmay_misc_feat_diagonals, lightli_wizard_tower
D:11:     layout_long_grid, david_lair_generic
D:12:     hellmonk_crumbling_castle, layout_rooms, orc_0_dummy, serial_shops,
          bzr_entry_lakeside, minmay_starry_boxes, uniq_azrael
D:13:     cheibrodos_breeding_chamber, layout_basic, gauntlet_entry_generic
D:14:     layout_grid_maze, david_vaults_2, serial_shops, nicolae_stop_n_shop_2
Temple:   minmay_crystal_spiral_temple
Lair:1:   layout_misc_corridors, nicolae_quartered_pool_impasse,
          chequers_serial_rivers_micro_b
Lair:2:   layout_roguey, elwin_shoals_entry_rooms, dreamdust_wasp_nest,
          uniq_erica
Lair:3:   layout_chaotic_city, serial_bayou_shore_b
Lair:4:   layout_hall_layers, hellmonk_spider_entry_life_and_decay
Lair:5:   layout_concentric_octagons, slime_entry_1, minivault_23
Lair:6:   hellmonk_lair_end_abyssal_woods, layout_big_grid, minivault_24,
          grunt_megastairs_4, infiniplex_staircase_pool
Abyss:4:  base: Lair:2, hangedman_abyss_batty_box, base: D:2,
          hangedman_decor_lopped, spicy_abyss_unhelpful_harpoons

Skill      XL: |  1  2  3  4  5  6  7  8  9 10 11 12 13 14 15 |
---------------+----------------------------------------------+-----
Unarmed Combat | 1 2 3 4 5 6 7 8 9 11 12 13 | 13.3
Throwing       | 2 3 4 5 6 7 8 |  8.9
Fighting       | 2 3 4 5 6 7 |  7.9
Dodging        | 1 2 3 4 5 6 7 8 |  8.3
Stealth        | 3 |  3.6
Ranged Weapons | 3 5 6 7 9 10 | 10.2
Invocations    | 2 3 4 5 6 |  6.4
Evocations     | 1 2 3 4 5 6 |  6.0
Armour         | 2 3 4 |  4.6
Transmutations | 1 2 |  2.4
Spellcasting   | 1 2 |  2.1
Conjurations   | 1 2 |  2.4
Short Blades   | |  1.8

Action                   |  1- 3 |  4- 6 |  7- 9 | 10-12 | 13-15 || total
-------------------------+-------+-------+-------+-------+-------++-------
Melee: Unarmed           |    89 |   136 |   315 |   486 |   637 ||  1663
       Punch             |     1 |     2 |     7 |    34 |    55 ||    99
 Fire: Shortbow          |       |       |   188 |   211 |   665 ||  1064
       Arbalest          |       |       |       |       |    67 ||    67
Throw: Stone             |       |     7 |    20 |       |       ||    27
       Dart              |       |       |     1 |    20 |     1 ||    22
       Boomerang         |       |       |       |       |    12 ||    12
Invok: Slouch            |       |       |       |       |     7 ||     7
Evoke: Wand              |       |     1 |       |     4 |    12 ||    17
  Use: Scroll            |       |       |     1 |    15 |    20 ||    36
       Potion            |       |       |       |     1 |     8 ||     9
 Stab: Sleeping          |     7 |     3 |     2 |     2 |     2 ||    16
       Distracted        |       |       |     3 |       |     2 ||     5
       Paralysed         |       |       |       |     3 |       ||     3
       Petrified         |       |       |       |     9 |       ||     9
Armor: Robe              |    40 |    89 |   276 |       |       ||   405
       Steam dragon scal |       |       |    27 |   121 |       ||   148
       Acid dragon scale |       |       |       |   197 |   640 ||   837
       Skin              |       |       |       |       |    25 ||    25
Dodge: Dodged            |    33 |    70 |   266 |   394 |  1115 ||  1878

Table legend: (Time is in decaauts)
 A = Elapsed time spent in this place.
 B = Non-inter-level travel time spent in this place.
 C = Inter-level travel time spent in this place.
 D = Time resting spent in this place.
 E = Time spent auto-exploring this place.
 F = Levels seen in this place.
 G = Mean time per level.
                   A        B        C        D        E       F      G
               +--------+--------+--------+--------+--------+-----+--------+
         Total |  27790 |  26585 |   1205 |   1583 |  19003 |  27 | 1029.3 |
       Dungeon |  15514 |  14797 |    717 |    938 |  10522 |  14 | 1108.1 |
        Temple |    211 |    128 |     83 |      0 |    112 |   1 |  211.0 |
          Lair |  10301 |   9897 |    404 |    240 |   7851 |   6 | 1716.8 |
         Abyss |    898 |    898 |      0 |    304 |    226 |   4 |  224.5 |
        Bazaar |    185 |    185 |      0 |      0 |    130 |   1 |  185.0 |
      Gauntlet |    678 |    678 |      0 |    100 |    162 |   1 |  678.0 |
               +--------+--------+--------+--------+--------+-----+--------+

Top non-repeatable levels by time:
  Lair:6: 2486 daAuts
  Lair:3: 2010 daAuts
    D:11: 1878 daAuts
    D:13: 1840 daAuts
  Lair:2: 1801 daAuts
  Lair:4: 1642 daAuts
     D:3: 1322 daAuts
     D:9: 1295 daAuts
    D:10: 1244 daAuts
  Lair:1: 1201 daAuts
    D:12: 1169 daAuts
  Lair:5: 1159 daAuts
     D:8: 1127 daAuts
     D:5: 1017 daAuts
    D:14: 914 daAuts
